 Dungeon Crawl Stone Soup version 0.30-a0-782-ge64f9170bb (webtiles) character file.

Game seed: 9274803776849965336

109 duumipappa the Insei (level 4, -1/33 HPs)
             Began as a Merfolk Transmuter on Feb 27, 2023.
             Was a Follower of Lugonu.
             Slain by Natasha (7 damage)
             ... on level 3 of the Dungeon.
             The game lasted 00:25:55 (1572 turns).

duumipappa the Insei (Merfolk Transmuter)           Turns: 1572, Time: 00:25:56

Health: -1/33      AC:  5    Str: 12    XL:     4   Next: 90%
Magic:  7/7        EV: 11    Int: 12    God:    Lugonu [*.....]
Gold:   77         SH:  0    Dex: 14    Spells: 6/7 levels left

rFire   . . .      SeeInvis .      - Unarmed
rCold   . . .      Faith    .    (no shield)
rNeg    . . .      Spirit   .    d - +0 ring mail
rPois   .          Reflect  .    (no helmet)
rElec   .          Harm     .    (no cloak)
rCorr   .          Rampage  .    (no gloves)
Will    .....                    (no boots)
Stlth   +                        (no amulet)
HPRegen 0.25/turn                (no ring)
MPRegen 0.10/turn                (no ring)

@: slowed, very slow
A: (nimble swimmer 2), mertail
a: Renounce Religion, Depart the Abyss


You were on level 3 of the Dungeon.
You worshipped Lugonu.
Lugonu was aware of your devotion.
You visited 1 branch of the dungeon, and saw 3 of its levels.

You collected 77 gold pieces.

Inventory:

Hand Weapons
 c - a +0 hand axe
 g - a +0 vampiric short sword
 i - a +0 sling
 n - a +0 mace of venom
Missiles
 f - 25 stones (quivered)
Armour
 a - a +0 robe
 d - a +0 ring mail (worn)
Scrolls
 b - a scroll of poison
 j - 2 scrolls of vulnerability {unknown}
 l - a scroll of noise {unknown}
 m - a scroll of identify {unknown}
Potions
 e - a potion of ambrosia {unknown}
 k - 3 potions of curing {unknown}


   Skills:
 + Level 1.7 Fighting
 + Level 0.1 Armour
 + Level 3.6 Dodging
 + Level 4.8 Unarmed Combat
 + Level 2.1 Spellcasting
 + Level 3.6 Transmutations


You had 6 spell levels left.
You knew the following spells:

 Your Spells              Type           Power      Damage    Failure   Level
a - Beastly Appendage     Tmut           18%        N/A       14%         1

Your spell library contained the following spells:

 Spells                   Type           Power      Damage    Failure   Level
 Wereblood                Tmut           9%         N/A       22%         2
 Spider Form              Tmut/Pois      5%         N/A       65%         3
 Ice Form                 Ice/Tmut       5%         N/A       96%         4


Dungeon Overview and Level Annotations

Branches:
Dungeon (3/15)

Altars:
Lugonu

Shops:
D:2 (

Annotations:
D:3 Natasha


Innate Abilities, Weirdness & Mutations

((You are very nimble when in or above water. (Stealth+, EV+, Speed+++)))
Your lower body shifts to a powerful aquatic tail in water.


Message History

You closely miss Natasha. Natasha claws you.
The hobgoblin completely misses you. Natasha claws you.
The hobgoblin attacks as you move away! The hobgoblin misses you.
The hobgoblin closely misses you. The hobgoblin attacks as you move away!
The hobgoblin barely misses you.
You feel yourself speed up. Natasha claws you but does no damage.
You barely miss Natasha. The hobgoblin hits you.
Natasha claws you but does no damage. The hobgoblin attacks as you move away!
The hobgoblin barely misses you. Natasha claws you.
You barely miss Natasha. Natasha barely misses you.
You closely miss Natasha. Natasha casts a spell at you.
The magic dart hits you!
You barely miss Natasha. You hit Natasha.
Natasha is moderately wounded.
Natasha closely misses you.
You closely miss Natasha.
Natasha is moderately wounded.
Natasha closely misses you.
You closely miss Natasha.
Natasha is moderately wounded.
Natasha closely misses you.
You hit Natasha.
Natasha is moderately wounded.
Natasha howls an incantation.
Natasha shimmers violently.
Natasha casts a spell at you.
You feel yourself slow down.
You hit Natasha but do no damage.
Natasha is moderately wounded.
Natasha closely misses you.
You hit Natasha.
Natasha is severely wounded.
Natasha claws you!
* * * LOW HITPOINT WARNING * * *
Natasha claws you!
You die...

#.......# #.......#
#.......# #.......#
###..#### #..# #..#
#..###############
#.gh@............#
########†##############.#
#<...........).#### #.#
########..........# #.#
...........##.# #.#
#############.# #.# #.#
#.# #.# #.# #.# #.#


You could see Natasha and a hobgoblin.

Vanquished Creatures
  4 gnolls (D:2)
  3 adders (D:2)
  2 dart slugs
  An orc (D:2)
  3 bats
  An endoplasm (D:2)
  3 giant cockroaches
  4 goblins
  4 hobgoblins (D:1)
  2 jackals (D:1)
  6 kobolds
  A quokka (D:1)
  3 ball pythons
  A frilled lizard (D:2)
  3 rats
41 creatures vanquished.

Notes
Turn   | Place    | Note
-------+----------+-------------------------------------------
     0 | D:1      | duumipappa the Merfolk Transmuter began the quest for the
                  | Orb.
     0 | D:1      | Reached XP level 1. HP: 15/15 MP: 3/3
    56 | D:1      | Reached XP level 2. HP: 17/21 MP: 5/5
   264 | D:1      | Reached skill level 4 in Unarmed Combat
   362 | D:1      | Reached XP level 3. HP: 25/26 MP: 6/6
   678 | D:2      | Found a faded altar of an unknown god.
   685 | D:2      | Prayed at the altar of an unknown god.
   685 | D:2      | Became a worshipper of Lugonu the Unformed
   685 | D:2      | Reached * piety under Lugonu
   975 | D:2      | Reached XP level 4. HP: 24/32 MP: 5/7
  1153 | D:2      | Found Moivamp's Antique Weapon Shop.
  1537 | D:3      | Noticed Natasha
  1572 | D:3      | Slain by Natasha

Illustrated notes

Levels and vault maps discovered:
D:1:      grunt_arrival_lava_bath, layout_basic
D:2:      layout_basic, serial_shops, nicolae_shop_hallway_stairs,
          nicolae_ecumenical_pavilion
D:3:      kennysheep_big_flooded_room, layout_basic, minmay_misc_feat_columns,
          uniq_sigmund, uniq_natasha

Skill      XL: |  1  2  3 |
---------------+----------+-----
Transmutations | 3 |  3.6
Unarmed Combat | 4 |  4.8
Dodging        | 3 |  3.6
Fighting       | |  1.7
Armour         | |  0.1
Spellcasting   | |  2.1

Action                     |  1- 3 |  4- 6 || total
---------------------------+-------+-------++-------
  Melee: Unarmed           |   105 |    57 ||   162
         Headbutt          |     4 |     1 ||     5
         Short sword       |     5 |       ||     5
         Punch             |     3 |       ||     3
  Throw: Stone             |     2 |       ||     2
   Cast: Beastly Appendage |     3 |       ||     3
    Use: Scroll            |     4 |     1 ||     5
         Potion            |     1 |     1 ||     2
 Armour: Robe              |     5 |       ||     5
         Ring mail         |    11 |    13 ||    24
         Skin              |       |     1 ||     1
  Dodge: Dodged            |    59 |    27 ||    86

Table legend: (Time is in decaauts)
 A = Elapsed time spent in this place.
 B = Non-inter-level travel time spent in this place.
 C = Inter-level travel time spent in this place.
 D = Time resting spent in this place.
 E = Time spent auto-exploring this place.
 F = Levels seen in this place.
 G = Mean time per level.
                   A        B        C        D        E       F      G
               +--------+--------+--------+--------+--------+-----+--------+
         Total |   1568 |   1364 |    204 |    199 |     78 |   3 |  522.7 |
       Dungeon |   1568 |   1364 |    204 |    199 |     78 |   3 |  522.7 |
               +--------+--------+--------+--------+--------+-----+--------+

Top non-repeatable levels by time:
     D:2: 793 daAuts
     D:1: 671 daAuts
     D:3: 103 daAuts
